 Dungeon Crawl Stone Soup version 0.31-a0-210-gccc998df9b (webtiles) character file.

Game seed: 14808803735961339290

81 qw the Shooter (level 4, -1/36 HPs)
             Began as a Minotaur Hexslinger on June 29, 2023.
             Slain by an orc
             ... wielding a +0 mace
              (5 damage)
             ... on level 3 of the Dungeon.
             The game lasted 00:00:37 (2058 turns).

qw the Shooter (Minotaur Hexslinger)                Turns: 2058, Time: 00:00:38

Health: -1/36      AC:  6    Str: 13    XL:     4   Next: 19%
Magic:  4/4        EV: 11    Int: 10    God:
Gold:   160        SH:  0    Dex: 14    Spells: 4/5 levels left

rFire   . . .        Y - +1 sling (heavy)
rCold   . . .        (no shield)
rNeg    . . .        d - +0 ring mail
rPois   .            (helmet restricted)
rElec   .            (no cloak)
rCorr   .            j - +0 pair of gloves
SInv    .            (no boots)
Will    .....        (no amulet)
Stlth   +            (no ring)
HPRegen 0.26/turn    (no ring)
MPRegen 0.09/turn

%: no passive effects
@: about to teleport
A: horns 2, retaliatory headbutt
a: no special abilities


You were on level 3 of the Dungeon.
You visited 1 branch of the dungeon, and saw 3 of its levels.

You collected 160 gold pieces.


Innate Abilities, Weirdness & Mutations

You have a pair of horns on your head.
You reflexively headbutt those who attack you in melee.


   Skills:
 - Level 2.1 Fighting
 + Level 4.5 Ranged Weapons
 - Level 1.0 Armour
 - Level 2.1 Dodging
 - Level 1.0 Spellcasting
 - Level 2.0 Hexes


You had 4 spell levels left.
You knew the following spells:

 Your Spells              Type           Power      Damage    Failure   Level
a - Slow                  Hex            16%        N/A       32%         1

Your spell library contained the following spells:

 Spells                   Type           Power      Damage    Failure   Level
 Inner Flame              Hex/Fire       2%         N/A       82%         3
 Portal Projectile        Hex/Tloc       4%         N/A       82%         3
 Cause Fear               Hex            2%         N/A       97%         4

Inventory:

Hand Weapons
 Y - a +1 heavy sling (weapon)
Armour
 d - a +0 ring mail (worn)
 j - a +0 pair of gloves (worn)
Jewellery
 k - a ring of willpower
Scrolls
 a - a scroll of vulnerability {unknown}
 c - a scroll of teleportation
 h - 2 scrolls of identify {unknown}
 l - a scroll of fog {unknown}
Potions
 b - a potion of berserk rage {unknown}
 e - 4 potions of curing
 f - a potion of resistance {unknown}
 g - a potion of attraction {unknown}
 i - a potion of enlightenment {unknown}

Dungeon Overview and Level Annotations

Branches:
Dungeon (3/15)

Altars:


Message History

Enter note:
Enter note:
Enter note: You shoot a sling bullet.
The sling bullet barely misses the orc. x2
You shoot a sling bullet. The sling bullet hits the orc.
The orc is heavily wounded.
An orc wizard comes into view. It is wielding a +0 dagger.
You shoot a sling bullet.
The sling bullet completely misses the orc.
The orc wizard shouts!
The orc misses you.
An orc comes into view. It is wielding a +0 mace.
The orc barely misses you.
You shoot a sling bullet. The orc shouts!
The sling bullet hits the orc but does no damage.
The orc is heavily wounded.
The orc hits you with a +0 club. The orc hits you with a +0 whip. x2
You shoot a sling bullet. The sling bullet hits the orc!
You kill the orc!
The orc hits you with a +0 mace. The orc hits you with a +0 club.
The orc closely misses you. The orc barely misses you.
You shoot a sling bullet. The sling bullet barely misses the orc.
The orc misses you. The orc hits you with a +0 mace.
The orc barely misses you. x2
The orc closely misses you. x2
You shoot a sling bullet.
The sling bullet hits the orc but does no damage.
The orc misses you. The orc hits you with a +0 mace.
The orc hits you with a +0 club. The orc hits you with a +0 mace.
The orc hits you with a +0 club. The orc barely misses you.
2057 ||| READING 2 scrolls of teleportation.
As you read the scroll of teleportation, it crumbles to dust.
You feel strangely unstable. The orc hits you but does no damage.
The orc closely misses you. You furiously retaliate!
You headbutt the orc. The orc hits you but does no damage. x2
You shoot a sling bullet.
The sling bullet closely misses the orc.
The orc hits you with a +0 mace.
You die...

#.# #.# . #.######
.. #......# ...
######.# .. #.#
####.##### #.#
......oo.#####.###
#..o@..)......#
.....#o###..######
... #......# #
#.##...# ## #...#
....# ######


You could see 4 orcs.

Vanquished Creatures
  A gnoll (D:1)
  3 adders
  A worm (D:1)
  A dart slug (D:1)
  An orc (D:3)
  2 endoplasms
  2 giant cockroaches
  6 goblins
  5 hobgoblins
  6 kobolds
  A ball python (D:3)
  3 bats
  A frilled lizard (D:2)
  4 rats
37 creatures vanquished.

Notes
Turn   | Place    | Note
-------+----------+-------------------------------------------
     0 | D:1      | qw the Minotaur Hexslinger began the quest for the Orb.
     0 | D:1      | Reached XP level 1. HP: 16/16 MP: 1/1
     0 | D:1      | 0 ||| qw: Version: 0.3-a-24-ga2abf7b
     0 | D:1      | 0 ||| qw: Game counter: 7004
     0 | D:1      | 0 ||| qw: Melee chars always use a shield: true
     0 | D:1      | 0 ||| qw: God list: Okawaru
     0 | D:1      | 0 ||| qw: Allow faded altars: false
     0 | D:1      | 0 ||| qw: Do Orc after clearing Dungeon:15 true
     0 | D:1      | 0 ||| qw: Do second Lair branch before Depths: true
     0 | D:1      | 0 ||| qw: Lair rune preference: random
     0 | D:1      | 0 ||| qw: Goals: Normal
     0 | D:1      | 0 ||| PLANNING D:1-11
   232 | D:1      | Reached skill level 3 in Ranged Weapons
   240 | D:1      | Reached XP level 2. HP: 24/24 MP: 2/2
   749 | D:1      | Found a faded altar of an unknown god.
   848 | D:1      | 848 ||| UPGRADING to +0 ring mail.
   858 | D:1      | 858 ||| DROPPING +0 robe.
   859 | D:1      | 859 ||| UPGRADING to +0 pair of gloves.
   864 | D:1      | 864 ||| READING scroll labelled MOONGA BIFOR.
   865 | D:1      | 865 ||| READING scroll labelled DAIGELUUPH.
   868 | D:1      | 868 ||| DRINKING 2 fuming coppery potions.
   869 | D:1      | 869 ||| DRINKING 2 dark potions.
   914 | D:1      | 914 ||| DROPPING scroll of poison.
   915 | D:1      | 915 ||| DROPPING potion of lignification.
   943 | D:2      | Reached XP level 3. HP: 29/29 MP: 3/3
   947 | D:2      | 947 ||| STAIRDANCE
  1131 | D:2      | Reached skill level 4 in Ranged Weapons
  1364 | D:2      | 1364 ||| READING 3 scrolls labelled ORGHUL XYMEFAYNN.
  1365 | D:2      | 1365 ||| READING scroll labelled HIRPHU TEI.
  1366 | D:2      | 1366 ||| DROPPING 2 scrolls of butterflies.
  1662 | D:3      | Reached skill level 1 in Armour
  1875 | D:3      | Reached XP level 4. HP: 26/36 MP: 4/4
  2056 | D:3      | HP: 7/36 [orc/+0 mace (6)]
  2056 | D:3      | HP: 3/36 [orc/+0 club (4)]
  2057 | D:3      | 2057 ||| READING 2 scrolls of teleportation.
  2058 | D:3      | Slain by an orc

Levels and vault maps discovered:
D:1:      dpeg_arrival_chambers_temple_mockup, layout_basic,
          shapermc_ecumenical_altar_mp_vishouse, minivault_5,
          chequers_serial_rivers_room_b, minmay_close_crescents
D:2:      layout_rooms, kennysheep_generic_room_8
D:3:      layout_basic

Skill      XL: |  1  2  3 |
---------------+----------+-----
Ranged Weapons | 3 4 |  4.5
Fighting       | 2 |  2.1
Armour         | 1 |  1.0
Dodging        | |  2.1
Spellcasting   | |  1.0
Hexes          | |  2.0

Action                     |  1- 3 |  4- 6 || total
---------------------------+-------+-------++-------
   Fire: Sling             |    98 |    13 ||   111
    Use: Scroll            |     4 |     1 ||     5
         Potion            |     2 |       ||     2
 Armour: Ring mail         |    19 |     3 ||    22
         Robe              |     2 |       ||     2
  Dodge: Dodged            |    26 |    12 ||    38

Table legend:
 A = Non-vault XP
 B = Vault XP
 C = Vault XP percentage of total XP
 D = Non-vault monster count
 E = Vault monster count
 F = Vault count percentage of total count
                 A         B        C        D         E       F
            +---------+---------+-------+---------+---------+-------
      Total |     107 |       9 |   7.8 |      33 |       4 |  10.8
            +---------+---------+-------+---------+---------+-------
        D:1 |      30 |       9 |  23.1 |       9 |       4 |  30.8
        D:2 |      33 |       0 |   0.0 |      12 |       0 |   0.0
        D:3 |      44 |       0 |   0.0 |      12 |       0 |   0.0
            +---------+---------+-------+---------+---------+-------
